 Dungeon Crawl Stone Soup version 0.30-a0-341-g6827065 (webtiles) character file.

Game seed: 6659517945581149342

550 Dorkslayer the Covered (level 7, -11/54 HPs)
             Began as a Human Fighter on Oct 31, 2022.
             Killed from afar by Pikel (17 damage)
             ... with an iceblast
             ... on level 5 of the Dungeon.
             The game lasted 00:07:58 (3423 turns).

Dorkslayer the Covered (Human Fighter)              Turns: 3423, Time: 00:07:59

Health: -11/54     AC:  8    Str: 16    XL:     7   Next: 54%
Magic:  7/7        EV: 10    Int: 14    God:
Gold:   708        SH: 11    Dex: 15    Spells: 6/6 levels left

rFire   . . .      SeeInvis +    a - +0 long sword
rCold   . . .      Faith    .    c - +1 buckler
rNeg    . . .      Spirit   .    b - +0 scale mail
rPois   .          Reflect  +    d - +0 helmet
rElec   .          Harm     .    (no cloak)
rCorr   .          Rampage  .    (no gloves)
Will    .....                    (no boots)
Stlth   ..........               e - amulet of reflection
HPRegen 0.29/turn                l - +6 ring of intelligence
MPRegen 0.10/turn                t - ring of see invisible

@: no status effects
A: no striking features
a: no special abilities


You were on level 5 of the Dungeon.
You visited 1 branch of the dungeon, and saw 5 of its levels.

You collected 708 gold pieces.

Inventory:

Hand Weapons
 a - a +0 long sword (weapon)
Armour
 b - a +0 scale mail (worn)
 c - a +1 buckler (worn)
 d - a +0 helmet (worn)
Jewellery
 e - an amulet of reflection (around neck)
 l - a +6 ring of intelligence (left hand)
 t - a ring of see invisible (right hand)
Scrolls
 k - a scroll of immolation {unknown}
 m - 3 scrolls of identify {unknown}
 n - 3 scrolls of amnesia
 o - 2 scrolls of vulnerability {unknown}
 p - 5 scrolls of fog
 q - a scroll of teleportation {unknown}


   Skills:
 + Level 4.0 Fighting
 + Level 4.4 Long Blades
 + Level 4.4 Armour
 * Level 3.2 Dodging
 + Level 0.3 Stealth
 + Level 4.1 Shields


You had 6 spell levels left.
You didn't know any spells.
Your spell library contained the following spells:

 Spells                   Type           Power      Damage    Failure   Level
 Freeze                   Ice            0%         1d3       77%         1
 Frozen Ramparts          Ice            0%         1d1       98%         3
 Hailstorm                Conj/Ice       0%         3d3       98%         3


Dungeon Overview and Level Annotations

Branches:
Dungeon (5/15)
 Temple: D:4-7

Altars:
Qazlal
Uskayaw

Annotations:
D:5 Pikel


Message History

Pikel hits you with a +0 whip of flaming.
Pikel burns you. Pikel attacks as you move away!
Pikel hits you with a +0 whip of flaming.
Pikel burns you.
Pikel zaps a wand.
The mass of ice explodes!
The iceblast engulfs you.
You hear a shout! x2
Pikel zaps a wand.
The mass of ice explodes!
The iceblast engulfs you!
Pikel hits you with a +0 whip of flaming.
Pikel burns you.
You slash Pikel!
Pikel is moderately wounded.
Pikel zaps a wand.
The mass of ice explodes!
The iceblast engulfs you!
The iceblast engulfs Pikel!!
You hear a shout!
You closely miss Pikel.
Pikel is almost dead.
Pikel hits you but does no damage.
You barely miss Pikel.
Pikel is almost dead.
You block Pikel's attack.
An orc comes into view. It is wielding a +0 short sword.
Pikel hits you with a +0 whip of flaming.
Pikel burns you.
* * * LOW HITPOINT WARNING * * *
You hit Pikel.
Pikel is almost dead.
You block Pikel's attack.
You hit Pikel but do no damage.
Pikel is almost dead.
Pikel hits you with a +0 whip of flaming!
* * * LOW HITPOINT WARNING * * *
Pikel burns you.
* * * LOW HITPOINT WARNING * * *
An orc priest comes into view. It is wielding a +0 whip.
You aren't carrying any potions.
You hit Pikel but do no damage.
Pikel is almost dead.
Pikel zaps a wand.
The mass of ice explodes!
The iceblast engulfs you!
You die...

#.# #.............(
#.###..............
###..##..............
#.^<.................
#.#..................
.......................
....#.#....#.............
.o..#.####5.########.....
....o...@K5..........####
....#######...#..##.## .
.. ###>......# #########


You could see Pikel (invisible), 2 lemures, an orc priest and an orc.

Vanquished Creatures
  An ogre (D:4)
  A phantom (D:4)
  2 necrophages (D:4)
  A howler monkey (D:4)
  A hound (D:4)
  2 orc wizards (D:4)
  Robin (D:3)
  5 adders
  A white imp (D:4)
  3 dart slugs (D:4)
  6 orcs (D:4)
  2 bats
  7 endoplasms
  6 giant cockroaches
  16 goblins
  7 hobgoblins
  7 quokkas
  4 ball pythons
  2 frilled lizards
  5 kobolds
  6 rats
86 creatures vanquished.

Vanquished Creatures (collateral kills)
  A kobold (D:4)
1 creature vanquished.

Grand Total: 87 creatures vanquished

Notes
Turn   | Place    | Note
-------+----------+-------------------------------------------
     0 | D:1      | Dorkslayer the Human Fighter began the quest for the Orb.
     0 | D:1      | Reached XP level 1. HP: 18/18 MP: 1/1
   217 | D:1      | Reached XP level 2. HP: 19/24 MP: 2/2
   428 | D:1      | You fall into a shaft and drop 1 floor!
   972 | D:2      | Reached XP level 3. HP: 15/29 MP: 3/3
  1366 | D:2      | Reached skill level 1 in Dodging
  1709 | D:3      | Noticed Robin
  1752 | D:3      | Reached XP level 4. HP: 17/34 MP: 4/4
  1769 | D:3      | Killed Robin
  2125 | D:3      | Found a hide-covered altar of Uskayaw.
  2338 | D:4      | Noticed an ogre
  2353 | D:4      | Killed an ogre
  2354 | D:4      | Reached XP level 5. HP: 4/41 MP: 5/5
  2616 | D:4      | Found a stormy altar of Qazlal.
  2669 | D:4      | Reached XP level 6. HP: 37/47 MP: 6/6
  2810 | D:4      | Reached XP level 7. HP: 6/53 MP: 7/7
  3362 | D:5      | Entered Level 5 of the Dungeon
  3387 | D:5      | Noticed Pikel
  3423 | D:5      | Killed from afar by Pikel

Illustrated notes

Levels and vault maps discovered:
D:1:      lightli_arrival_statuegarden, layout_basic,
          hangedman_abyss_or_decor_stabs, chequers_garden, nicolae_hexahallways,
          minmay_misc_feat_hallway, roderic_roman_lattice
D:2:      layout_basic, minmay_misc_feat_tower
D:3:      wander_river, layout_loops_ring, mainiacjoe_overflow_paths,
          ebering_dispersal_statue_hall, hex_large, uniq_robin
D:4:      minmay_polygon_palace, layout_basic, grunt_qazlal_sundering
D:5:      layout_basic, lightli_temple_of_fire,
          nicolae_hepliaklqana_hippocampus, uniq_eustachio, uniq_pikel

Skill      XL: |  1  2  3  4  5  6  7 |
---------------+----------------------+-----
Dodging        | 1 2 3 |  3.2
Long Blades    | 3 4 |  4.4
Armour         | 4 |  4.4
Fighting       | 4 |  4.0
Shields        | 4 |  4.1
Stealth        | |  0.3

Action                   |  1- 3 |  4- 6 |  7- 9 || total
-------------------------+-------+-------+-------++-------
Melee: Long sword        |   123 |   133 |    89 ||   345
  Use: Potion            |       |     7 |       ||     7
       Scroll            |       |     5 |     2 ||     7
 Stab: Invisible         |       |     1 |       ||     1
Armor: Scale mail        |    66 |    59 |    37 ||   162
       Skin              |       |    15 |       ||    15
Dodge: Dodged            |    49 |    62 |    29 ||   140
Block: Buckler           |    32 |    47 |    50 ||   129
       Reflection        |       |     2 |     4 ||     6

Table legend: (Time is in decaauts)
 A = Elapsed time spent in this place.
 B = Non-inter-level travel time spent in this place.
 C = Inter-level travel time spent in this place.
 D = Time resting spent in this place.
 E = Time spent auto-exploring this place.
 F = Levels seen in this place.
 G = Mean time per level.
                   A        B        C        D        E       F      G
               +--------+--------+--------+--------+--------+-----+--------+
         Total |   3548 |   3548 |      0 |    163 |   2079 |   5 |  709.6 |
       Dungeon |   3548 |   3548 |      0 |    163 |   2079 |   5 |  709.6 |
               +--------+--------+--------+--------+--------+-----+--------+

Top non-repeatable levels by time:
     D:4: 1099 daAuts
     D:2: 1054 daAuts
     D:3: 895 daAuts
     D:1: 435 daAuts
     D:5: 63 daAuts
